 Dungeon Crawl Stone Soup version 0.27.0-1-g7a089689b8 (webtiles) character file.

Game seed: 15414005240826380379

25 basedow the Slasher (level 3, 0/29 HPs)
             Began as a Human Berserker on Aug 14, 2021.
             Was a Follower of Trog.
             Slain by an ufetubus (4 damage)
             ... on level 2 of the Dungeon.
             The game lasted 00:14:35 (1546 turns).

basedow the Slasher (Human Berserker)               Turns: 1546, Time: 00:14:36

Health: 0/29       AC:  3    Str: 18    XL:     3   Next: 17%
Magic:  3/3        EV: 12    Int:  7    God:    Trog [*.....]
Gold:   14         SH:  0    Dex: 12    Spells: 2/2 levels left

rFire    . . .     SeeInvis .   l - +0 war axe (vamp)
rCold    . . .     Faith    .   (no shield)
rNeg     . . .     Spirit   .   k - +0 leather armour
rPois    .         Reflect  .   (no helmet)
rElec    .         Harm     .   (no cloak)
rCorr    .         Rampage  .   (no gloves)
Will     .....                  (no boots)
Stlth    +.........             (no amulet)
HPRegen  0.09/turn              (no ring)
MPRegen  0.08/turn              (no ring)

@: no status effects
A: no striking features
a: Renounce Religion, Berserk


You were on level 2 of the Dungeon.
You worshipped Trog.
Trog was aware of your devotion.
You visited 1 branch of the dungeon, and saw 2 of its levels.

You collected 14 gold pieces.

Inventory:

Hand Weapons
 a - a +0 falchion
 c - a +0 dagger
 d - a +0 dagger
 f - a +0 dagger
 h - a +0 dagger
 i - a +0 club
 j - a +0 club
 l - a +0 vampiric war axe (weapon)
 m - a +0 short sword
Missiles
 g - a stone (quivered)
Armour
 b - a +0 animal skin
 k - a +0 leather armour (worn)
Scrolls
 e - 3 scrolls of enchant armour {unknown}


   Skills:
 + Level 3.3 Fighting
 + Level 3.4 Long Blades
 + Level 2.1 Armour
 + Level 2.2 Dodging
 + Level 0.4 Stealth


You had 2 spell levels left.
You didn't know any spells.
Your spell library contained the following spells:

 Spells                   Type           Power      Damage    Failure   Level
 Foxfire                  Conj/Fire      0%         2x1d4     50%         1
 Sting                    Tmut/Pois      0%         1d3       50%         1
 Conjure Flame            Conj/Fire      0%         6-21      86%         3
 Inner Flame              Hex/Fire       0%         N/A       86%         3


Dungeon Overview and Level Annotations

Branches:
Dungeon (2/15)

Altars:


Message History

The quokka barely misses you.
A bat comes into view.
You hit the quokka.
The quokka is lightly wounded.
The quokka misses you. The quokka barely misses you.
You barely miss the quokka.
The quokka is lightly wounded.
The quokka misses you. The quokka completely misses you.
You slash the quokka!
You kill the quokka!
Trog accepts your kill.
The ufetubus hits you but does no damage.
The ufetubus closely misses you.
You barely miss the ufetubus. The ufetubus hits you. The ufetubus misses you.
The ufetubus hits you. The ufetubus misses you.
The ufetubus closely misses you. x2
You closely miss the ufetubus. The ufetubus barely misses you. x2
The ufetubus misses you. The ufetubus hits you.
You hit the ufetubus but do no damage. The ufetubus hits you.
The ufetubus closely misses you. The ufetubus hits you. x2
You miss the ufetubus. The ufetubus completely misses you. x2
The ufetubus hits you. x2
You hit the ufetubus.
The ufetubus is lightly wounded.
The ufetubus barely misses you. The ufetubus hits you.
The ufetubus hits you but does no damage.
The ufetubus barely misses you. The ufetubus misses you. The ufetubus hits you.
* * * LOW HITPOINT WARNING * * *
You hit the ufetubus.
The ufetubus is almost dead.
The ufetubus hits you.
* * * LOW HITPOINT WARNING * * *
The ufetubus barely misses you. The ufetubus hits you.
* * * LOW HITPOINT WARNING * * *
The ufetubus barely misses you.
You closely miss the ufetubus.
The ufetubus is almost dead.
The ufetubus misses you. The ufetubus barely misses you. x2
The ufetubus hits you.
You die...

#.# #.# ##+## #.#
##...## #.#
##.....## #.###
##.......## #.#.##
##.........###....##
.'.........'.......#
##.....≈≈≈≈###..@..#
###..≈≈≈≈≈≈#
###5#.##
##≈≈≈≈≈≈≈≈≈#
###b...#
≈≈≈≈≈≈≈≈≈≈≈#
#...##.....
≈≈≈≈≈≈≈≈≈###
#....##..#.
≈≈≈≈≈≈≈### #.##.#
### ≈≈≈≈##.# #. #.
##### #. #. # # ##


You could see an ufetubus and a bat.

Vanquished Creatures
  A dart slug (D:1)
  An endoplasm (D:1)
  3 giant cockroaches (D:1)
  2 goblins (D:1)
  A hobgoblin (D:1)
  4 kobolds (D:1)
  3 quokkas
  A ball python (D:1)
  3 bats (D:1)
  A frilled lizard (D:1)
  A rat (D:1)
21 creatures vanquished.

Vanquished Creatures (others)
  2 fungi (D:1)
  2 plants (D:1)
4 creatures vanquished.

Grand Total: 25 creatures vanquished

Notes
Turn   | Place    | Note
-------+----------+-------------------------------------------
     0 | D:1      | basedow the Human Berserker began the quest for the Orb.
     0 | D:1      | Reached XP level 1. HP: 18/18 MP: 1/1
     0 | D:1      | Noticed a ghoul
     3 | D:1      | Noticed a troll
     3 | D:1      | Noticed a human
    11 | D:1      | Noticed a tengu
    36 | D:1      | Noticed a dwarf
    37 | D:1      | Noticed a djinni
    38 | D:1      | Noticed a barachi
    40 | D:1      | Noticed a vine stalker
    42 | D:1      | Noticed a palentonga
    43 | D:1      | Noticed a ghoul
    44 | D:1      | Noticed a formicid
    46 | D:1      | Noticed an ogre
    46 | D:1      | Noticed a troll
    48 | D:1      | Noticed a vine stalker
   128 | D:1      | Found a faded altar of an unknown god.
   156 | D:1      | Got Plato's Incunabulum of Contamination
   719 | D:1      | Reached XP level 2. HP: 20/24 MP: 2/2
   907 | D:1      | Reached XP level 3. HP: 20/29 MP: 3/3
  1546 | D:2      | Slain by an ufetubus

Illustrated notes

Levels and vault maps discovered:
D:1:      shiori_arrival_whats_in_store_for_you, layout_basic,
          shapermc_ecumenical_altar_rom_forum, minmay_misc_feat_roman
D:2:      wander_river, layout_loops_corners, minmay_pentomino_r4

Action                   || total
-------------------------++-------
Melee: Falchion          ||    46
       War axe           ||    32
Armor: Animal skin       ||    10
       Leather armour    ||    11
Dodge: Dodged            ||    68
       Rpst.: Falchion   ||     8
